 Dungeon Crawl Stone Soup version 0.29-a0-1008-g949cc1d0fb (webtiles) character file.

Game seed: 4651502897212468746

107 drpainis the Covered (level 4, -11/41 HPs)
             Began as a Minotaur Fighter on Aug 7, 2022.
             Killed by divine providence
             ... invoked by an orc priest
              (17 damage)
             ... on level 3 of the Dungeon.
             The game lasted 00:02:51 (1968 turns).

drpainis the Covered (Minotaur Fighter)             Turns: 1968, Time: 00:02:51

Health: -11/41     AC:  7    Str: 23    XL:     4   Next: 56%
Magic:  3/3        EV: 10    Int:  5    God:
Gold:   199        SH:  4    Dex:  9    Spells: 3/3 levels left

rFire   . . .      SeeInvis .   a - +0 war axe
rCold   . . .      Faith    .   c - +0 buckler
rNeg    . . .      Spirit   .   l - +2 ring mail {rPois}
rPois   +          Reflect  .   (helmet restricted)
rElec   .          Harm     .   (no cloak)
rCorr   .          Rampage  .   (no gloves)
Will    .....                   (no boots)
Stlth   ..........              (no amulet)
HPRegen 0.13/turn               (no ring)
MPRegen 0.08/turn               (no ring)

@: mighty
A: horns 2, retaliatory headbutt
a: no special abilities


You were on level 3 of the Dungeon.
You visited 1 branch of the dungeon, and saw 3 of its levels.

You collected 199 gold pieces.

Inventory:

Hand Weapons
 a - a +0 war axe (weapon)
Missiles
 j - 5 javelins (quivered)
 n - a throwing net
Armour
 b - a +0 scale mail
 c - a +0 buckler (worn)
 l - a +2 ring mail of poison resistance (worn)
 o - the +2 leather armour "Duremaan" {Fly rF+ Dex-3}
   (You found it on level 3 of the Dungeon)

   Dex:       It affects your dexterity (-3).
   rF:        It protects you from fire.
   Fly:       It grants you flight.
Scrolls
 e - 3 scrolls of identify {unknown}
 g - a scroll of silence {unknown}
 i - a scroll of teleportation {unknown}
 k - a scroll of enchant armour {unknown}
Potions
 f - a potion of ambrosia {unknown}
 h - a potion of lignification {unknown}
 m - a potion of curing {unknown}


   Skills:
 + Level 4.3 Fighting
 + Level 4.0 Axes
 + Level 4.3 Armour
 + Level 0.5 Dodging
 + Level 0.1 Stealth
 + Level 4.2 Shields


You had 3 spell levels left.
You didn't know any spells.
Your spell library contained the following spells:

 Spells                   Type           Power      Damage    Failure   Level
 Magic Dart               Conj           0%         1d3       71%         1
 Call Imp                 Summ           0%         N/A       85%         2
 Inner Flame              Hex/Fire       0%         N/A       97%         3
 Mephitic Cloud           Conj/Pois/Air  0%         N/A       97%         3
 Cause Fear               Hex            0%         N/A       100%        4
 Discord                  Hex            0%         N/A       100%        8


Dungeon Overview and Level Annotations

Branches:
Dungeon (3/15)

Altars:

Shops:
D:2 :


Innate Abilities, Weirdness & Mutations

You have a pair of horns on your head.
You reflexively headbutt those who attack you in melee.


Message History

You block the rat's attack.
You closely miss the rat. You headbutt the rat, but do no damage.
The rat bites you but does no damage.
An orc comes into view. It is wielding a +0 club.
You barely miss the rat.
The orc shouts!
The rat barely misses you. The rat misses you. You furiously retaliate!
You headbutt the rat.
You kill the rat!
An orc comes into view. It is wielding a +0 morningstar.
You see here a rat corpse.
An orc comes into view. It is wielding a +0 flail.
The orc shouts! x2
You block the rat's attack.
The orc moves out of view.
You hit the rat.
You kill the rat!
An orc priest comes into view. It is wielding a +0 hand axe.
The orc priest shouts!
The orc closely misses you.
An orc comes into view. It is wielding a +0 hand axe.
The orc attacks as you move away! You block the orc's attack.
The orc priest mumbles some strange prayers to Beogh against you.
Beogh smites you! The orc barely misses you. You furiously retaliate!
You headbutt the orc.
The orc priest invokes the aid of Beogh against you.
Beogh smites you! The orc hits you with a +0 flail. The orc misses you.
You block the orc's attack.
You closely miss the orc. You hit the orc. You barely miss the orc.
You hit the orc. You block the orc's attack. The orc misses you.
The orc hits you but does no damage. The orc barely misses you.
The orc hits you but does no damage. x2; You block the orc's attack.
The orc closely misses you. The orc hits you with a +0 morningstar!
* * * LOW HITPOINT WARNING * * *
The orc completely misses you.
Unknown command.
You feel very mighty all of a sudden. You block the orc's attack.
The orc priest mumbles some strange prayers to Beogh against you.
Beogh smites you!
You die...

.........# .....
......#.# ##..<..###
###.....###........# .
##..#.....#.$......# .⌠
...######$......... ...
..# ##..#.....# ..~⌠ ###
##..†##(..####.P.~P
##...†.#...o..o.....
######...†...#..@o?....#
..........$..#..oo...##..
.....#.[...>.†...........
####.................###.
###......[........#
#.>.....#.......#
#####...###....... ##.##
#.###### ### .#


You could see an orc priest and 4 orcs.

Vanquished Creatures
  A howler monkey (D:3)
  2 worms (D:2)
  7 ball pythons
  2 bats (D:1)
  3 endoplasms
  4 giant cockroaches
  5 goblins
  11 hobgoblins
  5 jackals
  A kobold (D:1)
  A quokka (D:1)
  3 frilled lizards (D:1)
  8 rats
  A toadstool (D:1)
54 creatures vanquished.

Vanquished Creatures (others)
  10 fungi (D:3)
  10 plants (D:3)
  3 toadstools (D:1)
23 creatures vanquished.

Grand Total: 77 creatures vanquished

Notes
Turn   | Place    | Note
-------+----------+-------------------------------------------
     0 | D:1      | drpainis the Minotaur Fighter began the quest for the Orb.
     0 | D:1      | Reached XP level 1. HP: 19/19 MP: 0/0
   316 | D:1      | Reached XP level 2. HP: 27/27 MP: 1/1
   488 | D:1      | Reached XP level 3. HP: 23/33 MP: 2/2
  1416 | D:2      | Found Wyshrin's Vocational Training.
  1855 | D:3      | Identified the +2 leather armour "Duremaan" {Fly rF+ Dex-3}
  1893 | D:3      | Reached XP level 4. HP: 33/41 MP: 3/3
  1968 | D:3      | Killed from afar by an orc priest

Illustrated notes

Levels and vault maps discovered:
D:1:      ldierk_water_garden, layout_basic, minmay_quantized
D:2:      layout_loops_ring, nicolae_shop_vocational
D:3:      layout_rooms, shapermc_ecumenical_altar_mp_ritualfount,
          minmay_shallow_snake_nest, uniq_crazy_yiuf_cottage

Skill      XL: |  1  2  3 |
---------------+----------+-----
Armour         | 4 |  4.3
Shields        | 4 |  4.2
Fighting       | 4 |  4.3
Axes           | 4 |  4.0
Dodging        | |  0.5
Stealth        | |  0.1

Action                   |  1- 3 |  4- 6 || total
-------------------------+-------+-------++-------
Melee: War axe           |    89 |     9 ||    98
       Headbutt          |    10 |     2 ||    12
  Use: Potion            |       |     1 ||     1
Armor: Scale mail        |    48 |       ||    48
       Ring mail         |     8 |     6 ||    14
Dodge: Dodged            |    58 |     9 ||    67
Block: Buckler           |    29 |     9 ||    38

Table legend: (Time is in decaauts)
 A = Elapsed time spent in this place.
 B = Non-inter-level travel time spent in this place.
 C = Inter-level travel time spent in this place.
 D = Time resting spent in this place.
 E = Time spent auto-exploring this place.
 F = Levels seen in this place.
 G = Mean time per level.
                   A        B        C        D        E       F      G
               +--------+--------+--------+--------+--------+-----+--------+
         Total |   2006 |   1949 |     57 |    366 |   1109 |   3 |  668.7 |
       Dungeon |   2006 |   1949 |     57 |    366 |   1109 |   3 |  668.7 |
               +--------+--------+--------+--------+--------+-----+--------+

Top non-repeatable levels by time:
     D:1: 1134 daAuts
     D:2: 752 daAuts
     D:3: 119 daAuts
